 Dungeon Crawl Stone Soup version 0.31-a0-574-g69dc8cc98e (webtiles) character file.

Game seed: 8775409666951899957

18 subawu the Trooper (level 2, -2/33 HPs)
             Began as an Ogre Berserker on Aug 18, 2023.
             Was a Follower of Trog.
             Slain by a kobold
             ... wielding a +0 dagger
              (3 damage)
             ... on level 1 of the Dungeon.
             The game lasted 00:01:29 (343 turns).

subawu the Trooper (Ogre Berserker)                  Turns: 343, Time: 00:01:29

Health: -2/33      AC:  3    Str: 20    XL:     2   Next: 70%
Magic:  2/2        EV: 10    Int:  8    God:    Trog [*.....]
Gold:   24         SH:  0    Dex:  8    Spells: 1/1 levels left

rFire   . . .        h - +0 short sword
rCold   . . .        (no shield)
rNeg    . . .        b - +0 animal skin
rPois   .            (helmet restricted)
rElec   .            (no cloak)
rCorr   .            (gloves unavailable)
SInv    .            (boots unavailable)
Will    .....        (no amulet)
Stlth   +            (no ring)
HPRegen 0.25/turn    (no ring)
MPRegen 0.08/turn

%: no passive effects
@: no status effects
A: large, unfitting armour, tough skin 1
a: Renounce Religion, Berserk


You were on level 1 of the Dungeon.
You worshipped Trog.
Trog was aware of your devotion.
You visited 1 branch of the dungeon, and saw 1 of its levels.

You collected 24 gold pieces.

Inventory:

Hand Weapons
 a - a +0 hand axe
 c - a +0 dagger
 h - a +0 short sword (weapon)
Armour
 b - a +0 animal skin (worn)
 d - a +0 pair of boots
 i - a +0 ring mail
Scrolls
 e - a scroll of silence {unknown}
Potions
 f - 2 potions of lignification {unknown}
 g - a potion of curing {unknown}


   Skills:
 + Level 4.5 Fighting
 + Level 3.3 Axes
 + Level 3.0 Dodging


You had one spell level left.
You didn't know any spells.
Your spell library was empty.

Dungeon Overview and Level Annotations

Branches:
Dungeon (1/15)

Altars:


Innate Abilities, Weirdness & Mutations

You are too large for most types of armour.
You have tough skin. (AC +1)


Message History

The goblin completely misses you.
The endoplasm quivers.
You hit the goblin.
The goblin is moderately wounded.
The kobold completely misses you. The goblin barely misses you.
You barely miss the goblin.
The goblin is moderately wounded.
The kobold closely misses you. The goblin hits you with a +0 dagger.
You hit the goblin but do no damage.
The goblin is moderately wounded.
The kobold hits you but does no damage. The goblin hits you but does no damage.
You hit the goblin.
You kill the goblin!
Trog accepts your kill. The kobold hits you with a +0 dagger.
The endoplasm closely misses you. The kobold hits you but does no damage.
Things that are here:
a +0 dagger; a hobgoblin corpse The endoplasm freezes you.
You are frozen.
You completely miss the kobold. The kobold closely misses you.
The endoplasm freezes you.
You are frozen.
* * * LOW HITPOINT WARNING * * *
You closely miss the kobold. The kobold barely misses you.
The endoplasm hits you but does no damage.
You hit the kobold.
The kobold is severely wounded.
The kobold hits you with a +0 dagger.
* * * LOW HITPOINT WARNING * * *
The endoplasm freezes you.
You are frozen.
* * * LOW HITPOINT WARNING * * *
You hit the kobold but do no damage.
The kobold is severely wounded.
The endoplasm barely misses you. The kobold closely misses you.
You closely miss the kobold.
The kobold is heavily wounded.
The kobold hits you with a +0 dagger.
You die...

##### ##...## ##.....##
##.......#####
######...........$######
...†)...........KJ......
#####..........#@#......
#.#.......##...#####
........(.##.....#
###.###...###.#.#.# #.#
#...(... .#.# #.#
#.#####. ?# # ......# #.
.. #..^? ## .# #.##


You could see an endoplasm and a kobold.

Vanquished Creatures
  A dart slug (D:1)
  2 ball pythons (D:1)
  2 bats (D:1)
  An endoplasm (D:1)
  4 goblins (D:1)
  2 hobgoblins (D:1)
  A kobold (D:1)
13 creatures vanquished.

Notes
Turn   | Place    | Note
-------+----------+-------------------------------------------
     0 | D:1      | subawu the Ogre Berserker began the quest for the Orb.
     0 | D:1      | Reached XP level 1. HP: 24/24 MP: 1/1
    92 | D:1      | Reached XP level 2. HP: 16/32 MP: 2/2
   341 | D:1      | HP: 1/33 [frozen (5)]
   343 | D:1      | Slain by a kobold

Illustrated notes

Levels and vault maps discovered:
D:1:      amcnicky_arrival_abandoned_market, layout_loops_ring

Skill      XL: |  1  2 |
---------------+-------+-----
Dodging        | 3 |  3.0
Fighting       | |  4.5
Axes           | |  3.3

Action                     || total
---------------------------++-------
  Melee: Hand axe          ||    15
         Short sword       ||    34
         Punch             ||     1
 Armour: Animal skin       ||    19
  Dodge: Dodged            ||    30

Table legend: (Time is in decaauts)
 A = Elapsed time spent in this place.
 B = Non-inter-level travel time spent in this place.
 C = Inter-level travel time spent in this place.
 D = Time resting spent in this place.
 E = Time spent auto-exploring this place.
 F = Levels seen in this place.
 G = Mean time per level.
                   A        B        C        D        E       F      G
               +--------+--------+--------+--------+--------+-----+--------+
         Total |    344 |    344 |      0 |     58 |      0 |   1 |  344.0 |
       Dungeon |    344 |    344 |      0 |     58 |      0 |   1 |  344.0 |
               +--------+--------+--------+--------+--------+-----+--------+

Top non-repeatable levels by time:
     D:1: 344 daAuts
